| TOP OF THE 1ST |
|
University of Conneticut Huskies batting - Pitching for University of Southern California Trojans : RHP Nick Hayes
|
|
Pitching: RHP Nick Hayes
|
|
|
Batting: RHB Jordan Nicholas
|
0-0: Called Strike 0-1: Ground out 4-3 (Groundball, 4S, EV 65.0 MPH)
|
|
Batting: RHB Phil Hilton
|
0-0: Ball 1-0: Ball 2-0: Bunt missed! 2-1: Called Strike 2-2: Ball 3-2: Ground out U3 (Groundball, 3, EV 87.5 MPH)
|
|
Batting: LHB Jonathan Sica
|
0-0: Called Strike 0-1: Foul Ball, location: 2F 0-2: Ground out 2-3 (Groundball, 2L, EV 71.2 MPH)
|
| Top of the 1st over - 0 runs, 0 hits, 0 errors, 0 left on base; University of Conneticut 0 - University of Southern California 0 |
| BOTTOM OF THE 1ST |
|
University of Southern California Trojans batting - Pitching for University of Conneticut Huskies : RHP Hyun-kyoo Kim
|
|
Pitching: RHP Hyun-kyoo Kim
|
|
|
Batting: RHB Liangde Zhou
|
0-0: Called Strike 0-1: DOUBLE (Flyball, 89XD, EV 97.5 MPH)
|
|
Batting: LHB Alonzo Catalan
|
0-0: Ball 1-0: Foul Ball, location: 2F 1-1: Foul Ball, location: 2F 1-2: Ball 2-2: 2-RUN HOME RUN (Flyball, 9D, EV 97.5 MPH), Distance : 374 ft
|
|
Batting: LHB Justin Veirs
|
0-0: Ground out 4-3 (Groundball, 4, EV 82.5 MPH)
|
|
Batting: LHB John Rumbolt
|
0-0: Ball 1-0: Called Strike 1-1: Swinging Strike 1-2: Ball 2-2: Strikes out looking
|
|
Batting: RHB Jeremy McAbee
|
0-0: Ball 1-0: Ball 2-0: Ground out 4-3 (Groundball, 4, EV 75.6 MPH)
|
| Bottom of the 1st over - 2 runs, 2 hits, 0 errors, 0 left on base; University of Conneticut 0 - University of Southern California 2 |
| TOP OF THE 2ND |
|
University of Conneticut Huskies batting - Pitching for University of Southern California Trojans : RHP Nick Hayes
|
|
Batting: RHB Jai De san miguel
|
0-0: Fly out, F3 (Popup, 3F, EV 57.5 MPH)
|
|
Batting: RHB Victor Ramos
|
0-0: Ball 1-0: Fly out, F9 (Line Drive, 9S, EV 89.4 MPH)
|
|
Batting: RHB Matthew Lanford
|
0-0: Ground out 6-3 (Groundball, 6, EV 103.8 MPH)
|
| Top of the 2nd over - 0 runs, 0 hits, 0 errors, 0 left on base; University of Conneticut 0 - University of Southern California 2 |
| BOTTOM OF THE 2ND |
|
University of Southern California Trojans batting - Pitching for University of Conneticut Huskies : RHP Hyun-kyoo Kim
|
|
Batting: RHB Jim Baltazar
|
0-0: DOUBLE (Flyball, 78XD, EV 97.5 MPH)
|
|
Batting: RHB Eduardo Mejorado
|
0-0: Ball 1-0: Ball 2-0: Ball 3-0: Called Strike 3-1: Foul Ball, location: 2F 3-2: Foul Ball, location: 2F 3-2: Foul Ball, location: 2F 3-2: SINGLE (Groundball, 4MD, EV 95.0 MPH) Jim Baltazar to third
|
|
Batting: RHB Jochen Schanz
|
0-0: Fielders Choice at 2nd, 4-6 (Groundball, 4, EV 83.1 MPH) Jim Baltazar scores
|
|
Batting: RHB Tri Kartini
|
0-0: Called Strike 0-1: Foul Ball, location: 2F 0-2: Fly out, F9 (Flyball, 9D, EV 76.2 MPH)
|
|
Batting: RHB Liangde Zhou
|
0-0: Ball 1-0: Ball 2-0: Foul Ball, location: 2F 2-1: Called Strike 2-2: Ball 3-2: Fly out, F9 (Flyball, 9LSF, EV 91.2 MPH)
|
| Bottom of the 2nd over - 1 run, 2 hits, 0 errors, 1 left on base; University of Conneticut 0 - University of Southern California 3 |
| TOP OF THE 3RD |
|
University of Conneticut Huskies batting - Pitching for University of Southern California Trojans : RHP Nick Hayes
|
|
Batting: RHB Lee Wilbur
|
0-0: Ball 1-0: Ball 2-0: Ground out 6-3 (Groundball, 6, EV 100.0 MPH)
|
|
Batting: LHB Matt Reed
|
0-0: Called Strike 0-1: Swinging Strike 0-2: Ball 1-2: Strikes out looking
|
|
Batting: LHB Chris Grayson
|
0-0: Ball 1-0: Foul Ball, location: 2F 1-1: Ground out 6-3 (Groundball, 6, EV 102.5 MPH)
|
| Top of the 3rd over - 0 runs, 0 hits, 0 errors, 0 left on base; University of Conneticut 0 - University of Southern California 3 |
| BOTTOM OF THE 3RD |
|
University of Southern California Trojans batting - Pitching for University of Conneticut Huskies : RHP Hyun-kyoo Kim
|
|
Batting: LHB Alonzo Catalan
|
0-0: Called Strike 0-1: Foul Ball, location: 2F 0-2: Ball 1-2: Strikes out swinging
|
|
Batting: LHB Justin Veirs
|
0-0: Ball 1-0: Ball 2-0: Called Strike 2-1: Fly out, F8 (Flyball, 8RD, EV 84.4 MPH)
|
|
Batting: LHB John Rumbolt
|
0-0: Called Strike 0-1: Ball 1-1: Fly out, F8 (Flyball, 8RD, EV 103.1 MPH)
|
| Bottom of the 3rd over - 0 runs, 0 hits, 0 errors, 0 left on base; University of Conneticut 0 - University of Southern California 3 |
| TOP OF THE 4TH |
|
University of Conneticut Huskies batting - Pitching for University of Southern California Trojans : RHP Nick Hayes
|
|
Batting: RHB Jordan Nicholas
|
0-0: SINGLE (Groundball, 3D, EV 101.9 MPH)
|
|
Batting: RHB Phil Hilton
|
0-0: Ball 1-0: Called Strike 1-1: Called Strike Jordan Nicholas steals 2nd base 1-2: Ball 2-2: Foul Ball, location: 2F 2-2: Strikes out swinging
|
|
Batting: LHB Jonathan Sica
|
0-0: Called Strike Jordan Nicholas steals 3rd base 0-1: Ball 1-1: Foul Ball, location: 2F 1-2: Fly out, F9 (Flyball, 9D, EV 94.4 MPH) Runner from 3rd tags up, SCORES, throw by RF
|
|
Batting: RHB Jai De san miguel
|
0-0: Ground out 4-3 (Groundball, 4, EV 101.2 MPH)
|
| Top of the 4th over - 1 run, 1 hit, 0 errors, 0 left on base; University of Conneticut 1 - University of Southern California 3 |
| BOTTOM OF THE 4TH |
|
University of Southern California Trojans batting - Pitching for University of Conneticut Huskies : RHP Hyun-kyoo Kim
|
|
Batting: RHB Jeremy McAbee
|
0-0: Ball 1-0: Ball 2-0: Ball 3-0: Called Strike 3-1: Base on Balls
|
|
Batting: RHB Jim Baltazar
|
0-0: Fielders Choice at 2nd, 6-4 (Groundball, 6, EV 86.2 MPH)
|
|
Batting: RHB Eduardo Mejorado
|
0-0: Called Strike 0-1: Swinging Strike 0-2: Strikes out swinging
|
|
Batting: RHB Jochen Schanz
|
0-0: Ball 1-0: Swinging Strike 1-1: Swinging Strike 1-2: Fielders Choice at 2nd, 6-4 (Groundball, 6, EV 87.5 MPH)
|
| Bottom of the 4th over - 0 runs, 0 hits, 0 errors, 1 left on base; University of Conneticut 1 - University of Southern California 3 |
| TOP OF THE 5TH |
|
University of Conneticut Huskies batting - Pitching for University of Southern California Trojans : RHP Nick Hayes
|
|
Batting: RHB Victor Ramos
|
0-0: Called Strike 0-1: Ball 1-1: Ball 2-1: Foul Ball, location: 2F 2-2: Reached on error, E4 (Groundball, 4, EV 107.5 MPH)
|
|
Batting: RHB Matthew Lanford
|
0-0: Called Strike Victor Ramos steals 3rd base 0-1: Swinging Strike 0-2: Strikes out looking
|
|
Batting: RHB Lee Wilbur
|
0-0: SINGLE (Groundball, 6MD, EV 98.1 MPH) Victor Ramos scores
|
|
Batting: LHB Matt Reed
|
0-0: Called Strike 0-1: Fly out, F8 (Line Drive, 8RD, EV 105.0 MPH)
|
|
Batting: LHB Chris Grayson
|
0-0: Ball Lee Wilbur is caught stealing 2nd base 2-6
|
| Top of the 5th over - 1 run, 1 hit, 1 error, 0 left on base; University of Conneticut 2 - University of Southern California 3 |
| BOTTOM OF THE 5TH |
|
University of Southern California Trojans batting - Pitching for University of Conneticut Huskies : RHP Hyun-kyoo Kim
|
|
Batting: RHB Tri Kartini
|
0-0: Called Strike 0-1: Swinging Strike 0-2: Ball 1-2: Strikes out swinging
|
|
Batting: RHB Liangde Zhou
|
0-0: Ball 1-0: SINGLE (Groundball, 15S, EV 66.2 MPH) (infield hit)
|
|
Batting: LHB Alonzo Catalan
|
0-0: Ball Liangde Zhou steals 2nd base 1-0: Ball Liangde Zhou steals 3rd base 2-0: Foul Ball, location: 2F 2-1: Ball 3-1: Base on Balls
|
|
Batting: LHB Justin Veirs
|
0-0: Ball 1-0: Ball Alonzo Catalan is caught stealing 2nd base 2-6 2-0: Swinging Strike 2-1: Foul Ball, location: 2F 2-2: DOUBLE (Flyball, 8RXD, EV 99.4 MPH) Liangde Zhou scores
|
|
Pitching: RHP Ti-an Tian
|
|
|
Batting: LHB John Rumbolt
|
0-0: Foul Ball, location: 2F 0-1: Fly out, F8 (Flyball, 8RD, EV 103.8 MPH)
|
| Bottom of the 5th over - 1 run, 2 hits, 0 errors, 1 left on base; University of Conneticut 2 - University of Southern California 4 |
| TOP OF THE 6TH |
|
University of Conneticut Huskies batting - Pitching for University of Southern California Trojans : RHP Nick Hayes
|
|
Batting: LHB Chris Grayson
|
0-0: Swinging Strike 0-1: Swinging Strike 0-2: Ball 1-2: Reached on error, E5 (Groundball, 5, EV 78.1 MPH)
|
|
Batting: RHB Jordan Nicholas
|
0-0: Fly out, F7 (Flyball, 7, EV 83.8 MPH)
|
|
Batting: RHB Phil Hilton
|
0-0: Called Strike 0-1: Ball 1-1: Swinging Strike 1-2: Foul Ball, location: 2F 1-2: Strikes out swinging
|
|
Batting: LHB Jonathan Sica
|
0-0: Ball 1-0: Called Strike 1-1: Foul Ball, location: 2F 1-2: Strikes out swinging
|
| Top of the 6th over - 0 runs, 0 hits, 1 error, 1 left on base; University of Conneticut 2 - University of Southern California 4 |
| BOTTOM OF THE 6TH |
|
University of Southern California Trojans batting - Pitching for University of Conneticut Huskies : RHP Ti-an Tian
|
|
Batting: RHB Jeremy McAbee
|
0-0: Ball 1-0: Called Strike 1-1: Called Strike 1-2: Fly out, F7 (Flyball, 78M, EV 78.1 MPH)
|
|
Batting: RHB Jim Baltazar
|
0-0: Called Strike 0-1: Foul Ball, location: 2F 0-2: Ball 1-2: Ball 2-2: Ground out U3 (Groundball, 34S, EV 86.9 MPH)
|
|
Batting: RHB Eduardo Mejorado
|
0-0: Called Strike 0-1: Ball 1-1: TRIPLE (Flyball, 78XD, EV 93.8 MPH)
|
|
Batting: RHB Jochen Schanz
|
0-0: Ball 1-0: Ball 2-0: Called Strike 2-1: Ground out 6-3 (Groundball, 56, EV 102.5 MPH)
|
| Bottom of the 6th over - 0 runs, 1 hit, 0 errors, 1 left on base; University of Conneticut 2 - University of Southern California 4 |
| TOP OF THE 7TH |
|
University of Conneticut Huskies batting - Pitching for University of Southern California Trojans : RHP Nick Hayes
|
|
Batting: RHB Jai De san miguel
|
0-0: Ball 1-0: Foul Ball, location: 2F 1-1: Fly out, F8 (Flyball, 8RD, EV 99.4 MPH)
|
|
Batting: RHB Victor Ramos
|
0-0: Called Strike 0-1: Ball 1-1: Swinging Strike 1-2: Foul Ball, location: 2F 1-2: Strikes out swinging
|
|
Batting: RHB Matthew Lanford
|
0-0: Called Strike 0-1: Swinging Strike 0-2: Ball 1-2: Ball 2-2: Foul Ball, location: 2F 2-2: Ground out 4-3 (Groundball, 34, EV 104.4 MPH)
|
| Top of the 7th over - 0 runs, 0 hits, 0 errors, 0 left on base; University of Conneticut 2 - University of Southern California 4 |
| BOTTOM OF THE 7TH |
|
University of Southern California Trojans batting - Pitching for University of Conneticut Huskies : RHP Ti-an Tian
|
|
Pitching: RHP Jean-François Michel
|
|
|
Batting: RHB Tri Kartini
|
0-0: Ball 1-0: Ball 2-0: Foul Ball, location: 2F 2-1: Ball 3-1: Base on Balls
|
|
Batting: RHB Liangde Zhou
|
0-0: Sac Bunt to 2L - play at first, batter OUT! 2-3 Tri Kartini to second
|
|
Batting: LHB Alonzo Catalan
|
0-0: Ground out 5-3 (Groundball, 5L, EV 95.0 MPH)
|
|
Batting: LHB Justin Veirs
|
0-0: Called Strike 0-1: Foul Ball, location: 2F 0-2: Ball 1-2: Ground out 6-3 (Groundball, 6M, EV 105.0 MPH)
|
| Bottom of the 7th over - 0 runs, 0 hits, 0 errors, 1 left on base; University of Conneticut 2 - University of Southern California 4 |
| TOP OF THE 8TH |
|
University of Conneticut Huskies batting - Pitching for University of Southern California Trojans : RHP Nick Hayes
|
|
Pitching: RHP Luis Cortez
|
|
|
Pinch Hitting: LHB Greg James
|
0-0: Called Strike 0-1: Ball 1-1: Foul Ball, location: 2F 1-2: Ground out 6-3 (Groundball, 6S, EV 64.4 MPH)
|
|
Batting: LHB Matt Reed
|
0-0: Called Strike 0-1: Swinging Strike 0-2: Ball 1-2: Ball 2-2: Strikes out swinging
|
|
Batting: LHB Chris Grayson
|
0-0: Ball 1-0: Ball 2-0: Swinging Strike 2-1: Swinging Strike 2-2: Strikes out looking
|
| Top of the 8th over - 0 runs, 0 hits, 0 errors, 0 left on base; University of Conneticut 2 - University of Southern California 4 |
| BOTTOM OF THE 8TH |
|
University of Southern California Trojans batting - Pitching for University of Conneticut Huskies : RHP Jean-François Michel
|
|
Now at 1B: Matt Reed
|
|
|
Now in CF: Chris Grayson
|
|
|
Now in RF: Greg James
|
|
|
Batting: LHB John Rumbolt
|
0-0: Called Strike 0-1: Foul Ball, location: 2F 0-2: Foul Ball, location: 2F 0-2: Ball 1-2: Foul Ball, location: 2F 1-2: Strikes out swinging
|
|
Batting: RHB Jeremy McAbee
|
0-0: SINGLE (Groundball, 34D, EV 95.0 MPH)
|
|
Batting: RHB Jim Baltazar
|
0-0: Foul Ball, location: 2F 0-1: Ball 1-1: Swinging Strike 1-2: Ball 2-2: Ball 3-2: Strikes out swinging
|
|
Batting: RHB Eduardo Mejorado
|
0-0: Foul Ball, location: 2F 0-1: Called Strike 0-2: Ball 1-2: Ball 2-2: Ball 3-2: Strikes out looking
|
| Bottom of the 8th over - 0 runs, 1 hit, 0 errors, 1 left on base; University of Conneticut 2 - University of Southern California 4 |
| TOP OF THE 9TH |
|
University of Conneticut Huskies batting - Pitching for University of Southern California Trojans : RHP Luis Cortez
|
|
Batting: RHB Jordan Nicholas
|
0-0: Foul Ball, location: 2F 0-1: SOLO HOME RUN (Flyball, 78XD, EV 113.1 MPH), Distance : 443 ft
|
|
Batting: RHB Phil Hilton
|
0-0: Called Strike 0-1: Ball 1-1: Ground out 5-3 (Groundball, 56S, EV 67.5 MPH)
|
|
Pitching: LHP Eric Rosenstein
|
|
|
Batting: LHB Jonathan Sica
|
0-0: Ball 1-0: Ball 2-0: Foul Ball, location: 2F 2-1: Foul Ball, location: 2F 2-2: Strikes out swinging
|
|
Batting: RHB Jai De san miguel
|
0-0: Ball 1-0: Ball 2-0: Foul Ball, location: 2F 2-1: Called Strike 2-2: Fly out, F8 (Flyball, 8RD, EV 86.2 MPH)
|
| Top of the 9th over - 1 run, 1 hit, 0 errors, 0 left on base; University of Conneticut 3 - University of Southern California 4 |
|